 Dungeon Crawl Stone Soup version 0.29.1-1-gd02db6906a (webtiles) character file.

Game seed: 15025201741846619702

20073 dwormar the Convoker (level 12, 0/83 HPs)
             Began as a Barachi Summoner on Sept 12, 2022.
             Was a High Priest of Makhleb.
             Slain by a skeletal warrior
             ... wielding a +0 glaive
              (8 damage)
             ... on level 13 of the Dungeon on Sept 19, 2022.
             The game lasted 02:49:50 (18222 turns).

dwormar the Convoker (Barachi Summoner)            Turns: 18222, Time: 02:49:51

Health: 0/83       AC: 10    Str:  8 (10) XL:     12   Next: 75%
Magic:  25/29      EV: 20    Int: 18 (19) God:    Makhleb [*****.]
Gold:   772        SH:  8    Dex: 14      Spells: 24/37 levels left

rFire   . . .      SeeInvis .   O - +1 falchion (flame)
rCold   . . .      Faith    .   Z - +0 kite shield
rNeg    . . .      Spirit   .   F - +0 steam dragon scales
rPois   .          Reflect  .   r - +0 helmet
rElec   .          Harm     .   (no cloak)
rCorr   .          Rampage  .   V - +0 pair of gloves
Will    .....                   g - +2 pair of boots
Stlth   +++.......              C - amulet of the acrobat
HPRegen 0.23/turn               c - +4 ring of evasion
MPRegen 0.21/turn               m - +4 ring of evasion

@: slow
A: amphibious, slowness 1, strong legs 1, +LOS, deterioration 1
a: Hop, Renounce Religion, Minor Destruction, Lesser Servant of Makhleb, Major
Destruction, Greater Servant of Makhleb


You were on level 13 of the Dungeon.
You worshipped Makhleb.
Makhleb was extremely pleased with you.
You visited 1 branch of the dungeon, and saw 13 of its levels.
You visited the Abyss 1 time.
You also visited: Bailey.

You collected 837 gold pieces.
You spent 65 gold pieces at shops.

Inventory:

Hand Weapons
 O - a +1 falchion of flaming (weapon)
Missiles
 d - 58 poisoned darts (quivered)
 B - 10 atropa-tipped darts
 K - a curare-tipped dart
Armour
 g - a +2 pair of boots (worn)
 r - a +0 helmet (worn)
 D - an orb of energy
 F - +0 steam dragon scales (worn)
 V - a +0 pair of gloves (worn)
 Z - a +0 kite shield (worn)
Jewellery
 c - a +4 ring of evasion (left hand)
 e - a ring of protection from fire
 m - a +4 ring of evasion (right hand)
 C - an amulet of the acrobat (around neck)
 E - a ring of willpower
 W - a ring of protection from cold
Wands
 n - a wand of acid (3)
 q - a wand of iceblast (10)
 x - a wand of polymorph (22)
 I - a wand of digging (3)
 Q - a wand of paralysis (6)
Scrolls
 f - 4 scrolls of teleportation
 h - a scroll of vulnerability {unknown}
 j - a scroll of identify
 o - 2 scrolls of blinking {unknown}
 p - a scroll of enchant armour
 u - a scroll of silence {unknown}
 w - 3 scrolls of brand weapon {unknown}
 y - 2 scrolls of enchant weapon {unknown}
 A - 2 scrolls of fear {unknown}
 J - a scroll of magic mapping {unknown}
 L - a scroll of poison
 P - 2 scrolls of torment {unknown}
 R - a scroll of summoning
 T - 2 scrolls of amnesia {unknown}
 U - 2 scrolls of immolation {unknown}
 X - a scroll of fog {unknown}
 Y - a scroll of noise {unknown}
Potions
 a - 2 potions of haste {unknown}
 b - 2 potions of magic
 l - 3 potions of mutation
 s - 5 potions of ambrosia
 t - a potion of berserk rage
 v - 2 potions of cancellation
 z - a potion of resistance
 H - a potion of flight {unknown}
 M - 2 potions of lignification {unknown}


   Skills:
 + Level 4.3 Fighting
 + Level 6.7 Long Blades
 + Level 3.7 Throwing
 + Level 5.9 Dodging
 + Level 5.0 Stealth
 + Level 1.8 Shields
 + Level 13.1 Spellcasting
 + Level 1.5 Hexes
 + Level 15.0 Summonings
 + Level 1.8 Air Magic
 + Level 0.6 Evocations


You had 24 spell levels left.
You knew the following spells:

 Your Spells              Type           Power      Damage    Failure   Level
a - Summon Small Mammal   Summ           100%       N/A       1%          1
b - Call Imp              Summ           60%        N/A       1%          2
c - Call Canine Familiar  Summ           60%        N/A       1%          3
d - Summon Guardian Gole  Hex/Summ       41%        N/A       1%          3
e - Summon Lightning Spi  Summ/Air       42%        N/A       6%          4

Your spell library contained the following spells:

 Spells                   Type           Power      Damage    Failure   Level
 Magic Dart               Conj           44%        1d5       19%         1
 Poisonous Vapours        Pois/Air       30%        N/A       21%         2
 Tukima's Dance           Hex            17%        N/A       30%         3
 Mephitic Cloud           Conj/Pois/Air  14%        N/A       41%         3
 Gell's Gravitas          Tloc           11%        N/A       50%         3
 Lesser Beckoning         Tloc           11%        N/A       50%         3
 Ozocubu's Armour         Ice            11%        N/A       50%         3
 Teleport Other           Tloc           11%        N/A       50%         3
 Passage of Golubria      Tloc           11%        N/A       88%         4
 Metabolic Englaciation   Hex/Ice        7%         N/A       98%         5
 Yara's Violent Unravell  Hex/Tmut       7%         3d5       98%         5
 Iskenderun's Battlesphe  Conj           11%        2d7       99%         5
 Iron Shot                Conj/Erth      5%         9d2       100%        6
 Simulacrum               Ice/Necr       5%         N/A       100%        6
 Spellforged Servitor     Conj/Summ      19%        N/A       100%        7


Dungeon Overview and Level Annotations

Branches:
Dungeon (13/15)            Temple (0/1) D:6            Lair (0/5) D:8
    Orc (0/2) D:11         Bailey (visited)
 Vaults: D:13-14

Altars:
Cheibriados
Dithmenos
Elyvilon
Makhleb
Qazlal
Ru
Sif Muna
Trog
Uskayaw
Xom
Yredelemnul
Zin
The Shining One

Shops:
D:2 ?   D:3 !   D:6 [   D:13 [

Annotations:
D:3 2 transporters
D:8 3 runed translucent doors, sentinel's ghost, novice MeEE
D:10 exclusion: tentacled starspawn


Innate Abilities, Weirdness & Mutations

You are amphibious.
You cover ground slowly.
You can hop short distances.
You have an extended range of vision and can be seen from far away.
Your body sometimes deteriorates upon taking damage.


Message History

Your white imp gestures at the skeletal warrior.
The puff of frost hits the skeletal warrior.
The skeletal warrior resists.
A centaur comes into view.
Your warg bites the skeletal warrior.
The skeletal warrior completely misses your warg.
Your white imp barely misses the skeletal warrior.
Your warg bites the skeletal warrior.
The skeletal warrior completely misses your warg.
Your white imp hits the skeletal warrior but does no damage.
Your warg barely misses the skeletal warrior.
The skeletal warrior hits your warg with a +0 glaive!
Your warg bites the skeletal warrior but does no damage.
Your white imp gestures at the skeletal warrior.
The puff of frost hits the skeletal warrior but does no damage.
Your warg barely misses the skeletal warrior.
The skeletal warrior hits your white imp with a +0 glaive!!
Your white imp dies!
Your white imp disappears in a puff of smoke!
Casting: Call Imp (safe; 1% risk of failure)
Confirm with . or Enter, or press ? or * to list all spells.
The centaur shouts!
Your warg disappears in a puff of smoke!
The skeletal warrior hits you from afar with a +0 glaive!!
The centaur wields a +0 shortbow.
The centaur shoots an arrow.
The arrow hits you!
* * * LOW HITPOINT WARNING * * *
Your body deteriorates!
You feel weakened.
The centaur shoots an arrow.
You block the arrow.
The skeletal warrior hits you from afar with a +0 glaive!!
* * * LOW HITPOINT WARNING * * *
Your body deteriorates!
You feel weakened.
Your wolf bites the centaur.
Okay, then.
Okay, then.
You feel much better.
The centaur shoots an arrow.
The arrow hits you!
* * * LOW HITPOINT WARNING * * *
Your wolf barely misses the centaur.
The skeletal warrior hits you from afar with a +0 glaive!
You die...

### #. ..# #. ..# #. ##
♣.########## #. #. ♣.+........ +.
#. ..#......# #. #. ..+......#
#z### ######. ..#......# #...#
#...... ..#......# ###@#######
#.##### ........########<......#
#......
.....<.........ch.####.####..##..
......♣.........................#
....♣♣♣.#####.<.#..#####.....##.#
...................^.........'..#
..................#'###......##..
......................#......##..
########†.............#.########.


You could see a skeletal warrior, a centaur (ally target) and a friendly wolf
(summoned).

Vanquished Creatures
  A boulder beetle (D:11)
  A two-headed ogre (D:13)
  A manticore (D:12)
  2 trolls
  A yak (D:5)
  A wyvern (D:8)
  A black bear (D:6)
  An ice beast (D:8)
  A wolf (D:8)
  Blork the orc (D:4)
  A kobold brigand (D:7)
  A killer bee (D:10)
  2 electric eels (D:8)
  An orc priest (D:7)
  A hound (D:5)
  2 orc wizards
  2 adders
  A white imp (D:6)
  3 orcs
  3 bats
  An endoplasm (D:3)
  A giant cockroach (D:3)
  A kobold (D:8)
31 creatures vanquished.

Vanquished Creatures (collateral kills)
  2 boulder beetles
  3 two-headed ogres
  Urug (D:11)
  An ugly thing (D:11)
  3 cyclopes
  A gargoyle (D:12)
  A komodo dragon (shapeshifter) (D:13)
  Maggie (D:6)
  4 trolls
  Grinder (D:3)
  7 slime creatures (D:12)
  A shadow (D:11)
  A wyvern (D:11)
  2 steam dragons
  4 yaks (D:5)
  A basilisk (D:11)
  2 vampire mosquitoes (D:13)
  An acid dragon (D:12)
  2 water moccasins
  A black bear (D:5)
  6 orc warriors
  An ice beast (D:7)
  2 wolves (D:8)
  An ogre (D:7)
  3 centaurs
  4 kobold brigands
  A scorpion (D:5)
  2 necrophages
  3 killer bees (D:10)
  3 vampire bats (D:10)
  5 electric eels
  7 howler monkeys
  6 hounds
  Crazy Yiuf (D:7)
  A jelly (D:5)
  A gnoll bouda (D:6)
  9 orc priests
  18 orc wizards
  2 iguanas
  3 adders
  10 gnolls
  A shadow imp (D:5)
  An ufetubus (D:5)
  33 orcs
  5 endoplasms
  A giant cockroach (D:4)
  7 goblins
  8 hobgoblins
  3 jackals (D:1)
  3 quokkas
  8 ball pythons
  8 bats
  4 frilled lizards
  47 kobolds
  2 rats (D:3)
  A starspawn tentacle (D:10)
261 creatures vanquished.

Vanquished Creatures (others)
  Gastronok (D:8)
  2 centaur warriors
  A wizard (D:10)
  An ugly thing (D:10)
  A shadow (D:9)
  A yak (D:9)
  A centaur (D:13)
  A kobold brigand (D:10)
  A bullfrog (D:9)
  2 orcs
  A kobold (D:10)
  33 plants (D:7)
  9 starspawn tentacles (D:10)
55 creatures vanquished.

Grand Total: 347 creatures vanquished

Notes
Turn   | Place    | Note
-------+----------+-------------------------------------------
     0 | D:1      | dwormar the Barachi Summoner began the quest for the Orb.
     0 | D:1      | Reached XP level 1. HP: 13/13 MP: 3/3
    83 | D:1      | Reached skill level 5 in Summonings
   247 | D:1      | Reached XP level 2. HP: 15/19 MP: 1/5
   972 | D:1      | Reached XP level 3. HP: 24/24 MP: 4/7
  1019 | D:1      | Learned a level 2 spell: Call Imp
  1329 | D:2      | Found Eraenuk's Magic Scroll Shoppe.
  1641 | D:3      | Noticed Grinder
  1666 | D:3      | Found a transporter.
  1673 | D:3      | Learned a level 3 spell: Call Canine Familiar
  1758 | D:3      | You fall into a shaft and drop 3 floors!
  1811 | D:5      | Entered Level 5 of the Dungeon
  1811 | D:5      | Noticed a scorpion
  1975 | D:5      | Reached XP level 4. HP: 25/31 MP: 3/8
  2151 | D:3      | Reached skill level 1 in Long Blades
  2220 | D:3      | Found a faded altar of an unknown god.
  2294 | D:3      | Prayed at the altar of an unknown god.
  2294 | D:3      | Became a worshipper of Makhleb the Destroyer
  2294 | D:3      | Reached * piety under Makhleb
  2370 | D:3      | Found Wiehehu's Distillery.
  2398 | D:3      | Reached XP level 5. HP: 36/36 MP: 10/10
  2399 | D:3      | Bought a potion of heal wounds for 65 gold pieces
  2455 | D:3      | Found a transporter.
  2456 | D:3      | Noticed a kobold demonologist
  2800 | D:3      | Found a white marble altar of Elyvilon.
  2904 | D:3      | Found a basalt altar of Yredelemnul.
  3067 | D:4      | Reached skill level 6 in Summonings
  3174 | D:4      | Found a snail-covered altar of Cheibriados.
  3476 | D:4      | Noticed Blork the orc
  3686 | D:4      | Killed Blork the orc
  3687 | D:4      | Reached XP level 6. HP: 24/42 MP: 1/12
  3850 | D:4      | Found a sacrificial altar of Ru.
  3904 | D:4      | Found a shadowy altar of Dithmenos.
  4115 | D:5      | Noticed a +0 short sword
  4116 | D:5      | Noticed a +0 spear
  4117 | D:5      | Noticed a +0 falchion
  4117 | D:5      | Noticed a +0 falchion
  4117 | D:5      | Noticed a +0 short sword
  4117 | D:5      | Noticed a +0 spear
  4117 | D:5      | Noticed a +0 dagger
  4119 | D:5      | Noticed a +0 dagger
  4119 | D:5      | Noticed a water moccasin
  4150 | D:5      | Noticed a black bear
  4665 | D:5      | Killed a black bear
  4666 | D:5      | Reached skill level 5 in Spellcasting
  4666 | D:5      | Reached XP level 7. HP: 47/47 MP: 7/14
  4676 | D:5      | Reached skill level 7 in Summonings
  4770 | D:5      | Reached ** piety under Makhleb
  4818 | D:5      | Noticed a yak
  4824 | D:5      | Noticed a yak
  4825 | D:5      | Noticed a yak
  4827 | D:5      | Noticed a yak
  4838 | D:5      | Noticed a yak
  4881 | D:5      | Reached skill level 1 in Fighting
  4926 | D:5      | Found a hide-covered altar of Uskayaw.
  5131 | D:5      | Killed a yak
  5132 | D:5      | Reached XP level 8. HP: 54/54 MP: 12/16
  5293 | D:3      | Killed Grinder
  5294 | D:3      | Reached skill level 8 in Summonings
  5476 | D:5      | Killed a yak
  5476 | D:5      | Killed a yak
  5477 | D:5      | Reached skill level 1 in Throwing
  5478 | D:5      | Killed a yak
  5484 | D:5      | Killed a yak
  5485 | D:5      | Reached skill level 9 in Summonings
  5485 | D:5      | Reached XP level 9. HP: 61/61 MP: 13/19
  5615 | D:6      | Found Xyustrut's Antique Armour Boutique.
  5652 | D:6      | Identified the +8 quarterstaff of Tension {freeze, rPois
                  | rCorr}
  5731 | D:6      | Found a bloodstained altar of Trog.
  5876 | D:6      | Found a shimmering blue altar of Sif Muna.
  5888 | D:6      | Got Sif Muna's Book of the Snake
  5893 | D:6      | Learned a level 3 spell: Summon Guardian Golem
  6124 | D:6      | Noticed Maggie
  6134 | D:6      | Killed Maggie
  6298 | D:6      | Found a staircase to the Ecumenical Temple.
  6438 | D:6      | Found a glowing silver altar of Zin.
  6673 | D:7      | Found a flagged portal.
  6703 | D:7      | Reached *** piety under Makhleb
  6709 | Bailey   | Entered a bailey
  6988 | Bailey   | Reached skill level 10 in Summonings
  7355 | Bailey   | Noticed an orc sorcerer
  7366 | Bailey   | Paralysed by an orc sorcerer for 2 turns
  7373 | Bailey   | Gained mutation: Your body sometimes deteriorates upon
                  | taking damage. [a neqoxec]
  7383 | Bailey   | Noticed a red devil
  8368 | D:7      | Found a runed translucent door.
  8369 | D:7      | Noticed Crazy Yiuf
  8380 | D:7      | Killed Crazy Yiuf
  8381 | D:7      | Reached XP level 10. HP: 70/70 MP: 22/22
  8688 | D:7      | Reached skill level 5 in Long Blades
  9738 | D:8      | Found a staircase to the Lair.
  9959 | D:8      | Reached **** piety under Makhleb
 10801 | D:8      | Reached skill level 11 in Summonings
 10843 | D:8      | Noticed Gastronok
 10875 | D:8      | Killed Gastronok
 11263 | D:8      | Reached skill level 5 in Dodging
 11464 | D:8      | Found a runed translucent gate.
 11464 | D:8      | Noticed sentinel's ghost (novice MeEE)
 11465 | D:8      | Found a runed translucent gate.
 11467 | D:8      | Found a runed translucent gate.
 11554 | D:8      | Noticed a boulder beetle
 11556 | D:8      | Upgraded the game from 0.29.1 to 0.29.1-1-gd02db6906a
 12083 | D:9      | Reached skill level 10 in Spellcasting
 12188 | D:9      | Noticed a two-headed ogre
 12524 | D:9      | Reached skill level 12 in Summonings
 12627 | D:9      | Reached skill level 1 in Hexes
 12627 | D:9      | Reached XP level 11. HP: 63/75 MP: 22/25
 12772 | D:9      | Noticed a centaur warrior
 12776 | D:9      | Found a glowing golden altar of the Shining One.
 13053 | D:10     | Entered Level 10 of the Dungeon
 13153 | D:10     | Noticed a purple ugly thing
 13166 | D:10     | Killed a purple ugly thing
 13253 | D:10     | Noticed a wizard
 13302 | D:10     | Killed a wizard
 13401 | D:10     | Noticed a wizard
 13413 | Abyss:2  | Cast into level 2 of the Abyss (a wizard)
 13414 | Abyss:2  | Found a corrupted altar of Lugonu.
 13417 | Abyss:2  | Noticed a tentacled starspawn
 13421 | D:10     | Escaped the Abyss
 13426 | D:10     | Noticed a two-headed ogre
 13433 | D:10     | Killed a two-headed ogre
 13836 | D:10     | Found a stormy altar of Qazlal.
 13837 | D:10     | Found a shimmering altar of Xom.
 14074 | D:8      | Learned a level 4 spell: Summon Lightning Spire
 14135 | D:8      | Killed a boulder beetle
 14335 | D:9      | Killed a centaur warrior
 14685 | D:9      | Killed a two-headed ogre
 14686 | D:9      | Reached skill level 13 in Summonings
 14788 | D:9      | Found a glowing golden altar of the Shining One.
 15476 | D:11     | Found a staircase to the Orcish Mines.
 15661 | D:11     | Noticed a red ugly thing
 15675 | D:11     | Killed a red ugly thing
 15781 | D:11     | Noticed Urug
 15801 | D:11     | Killed Urug
 15802 | D:11     | Reached skill level 1 in Air Magic
 15977 | D:11     | Noticed a boulder beetle
 16027 | D:11     | Killed a boulder beetle
 16304 | D:12     | Reached XP level 12. HP: 66/83 MP: 23/28
 16427 | D:12     | Reached skill level 14 in Summonings
 16728 | D:12     | Noticed a boulder beetle
 16745 | D:12     | Killed a boulder beetle
 16798 | D:12     | Reached ***** piety under Makhleb
 17066 | D:12     | Noticed a two-headed ogre
 17076 | D:12     | Killed a two-headed ogre
 17077 | D:12     | Reached skill level 5 in Stealth
 17604 | D:13     | Noticed a two-headed ogre
 17622 | D:13     | Killed a two-headed ogre
 17623 | D:13     | Reached skill level 1 in Shields
 17826 | D:13     | Noticed a centaur warrior
 17842 | D:13     | Killed a centaur warrior
 17860 | D:13     | Reached skill level 15 in Summonings
 18090 | D:13     | Found Omnynnutta's Specialty Armours.
 18221 | D:13     | HP: 4/83 [skeletal warrior/+0 glaive (20)]
 18222 | D:13     | Slain by a skeletal warrior

Illustrated notes

Levels and vault maps discovered:
D:1:      dpeg_arrival_tiny_d, layout_basic
D:2:      layout_rooms, serial_shops, shop
D:3:      gammafunk_wand_slinger, layout_basic, kennysheep_ying_yang,
          serial_shops, nicolae_shop_advertising_works
          [nicolae_subvault_shop_adworks],
          shapermc_ecumenical_altar_starsandcircs, hangedman_feature_mirror,
          uniq_grinder
D:4:      layout_rooms, mainiacjoe_overflow_tiny_flanked,
          mainiacjoe_overflow_big_doors, uniq_blork_the_orc
D:5:      layout_cave_pools, nicolae_uskayaw_en_pointe, roderic_roman_lattice
D:6:      layout_rooms, nzn_overflow_gifts_of_might_and_magic,
          marbit_many_paths, minmay_temple_entry_crystal_x,
          kennysheep_minor_cross, minmay_misc_feat_columns,
          nicolae_stop_n_shop_2, uniq_maggie
D:7:      kennysheep_kobold_camp, layout_layer_cave, enter_bailey_2,
          abandoned_shop, uniq_crazy_yiuf_cottage
D:8:      layout_layer_cave, erik_lair_island, gammafunk_ghost_spectres,
          uniq_gastronok
D:9:      layout_loops_ring, tso_metal_star, st_stairs_10
D:10:     minmay_smoke_and_mirrors, layout_cave_pods,
          mainiacjoe_overflow_divided_tiny, eino_tiny_chamber, roderic_batcave,
          serial_park_tiny_2, dreamdust_princess_corridor
D:11:     layout_small_grid, minmay_orc_entry_temple_small, uniq_urug
D:12:     layout_gridville
D:13:     layout_basic, nicolae_barding_shop

Skill      XL: |  1  2  3  4  5  6  7  8  9 10 11 12 |
---------------+-------------------------------------+-----
Summonings     | 5 6 7 9 10 12 13 15 | 15.0
Stealth        | 2 3 4 5 |  5.0
Spellcasting   | 3 4 5 7 8 10 12 13 | 13.1
Long Blades    | 1 2 3 4 5 6 |  6.7
Dodging        | 3 4 5 |  5.9
Fighting       | 1 3 4 |  4.3
Throwing       | 1 3 |  3.7
Hexes          | 1 |  1.5
Air Magic      | 1 |  1.8
Shields        | 1 |  1.8
Evocations     | |  0.6

Action                   |  1- 3 |  4- 6 |  7- 9 | 10-12 || total
-------------------------+-------+-------+-------+-------++-------
Melee: Scimitar          |    15 |    19 |    59 |    30 ||   123
       Falchion          |       |       |       |    96 ||    96
       Punch             |       |       |       |     1 ||     1
Throw: Javelin           |       |       |     6 |     5 ||    11
       Dart              |       |       |    20 |    33 ||    53
 Cast: Summon Small Mamm |    31 |    17 |    28 |    27 ||   103
       Call Imp          |     9 |    14 |    36 |    72 ||   131
       Call Canine Famil |     1 |    16 |    35 |    94 ||   146
       Summon Guardian G |       |       |     1 |    11 ||    12
       Summon Lightning  |       |       |       |    11 ||    11
 Abil: Hop               |       |     1 |     2 |     1 ||     4
Evoke: Wand              |       |     3 |     1 |     1 ||     5
  Use: Scroll            |     6 |     2 |     1 |     9 ||    18
       Potion            |       |       |     2 |     3 ||     5
 Stab: Distracted        |     1 |       |       |     3 ||     4
       Sleeping          |       |       |     1 |       ||     1
Armor: Robe              |    10 |    10 |     7 |       ||    27
       Steam dragon scal |       |       |     2 |    28 ||    30
Dodge: Dodged            |    46 |    38 |    92 |   225 ||   401
Block: Kite shield       |       |       |       |    24 ||    24
